Map: Acropolis LE

Players

Mez - Winner!

  • Race: Terran Terran
  • League: Master
  • Spawn Location: 5:00

Ceekes

  • Race: Zerg Zerg
  • League: Master
  • Spawn Location: 11:00

VOD

Have the link to the VOD?

Description

Time

  • Played on: Aug. 10, 2019, 4:33 p.m.
  • Length: 15:20
Show
View Real Time Build Order
Export as new Build Order

Mez Terran - Winner!

Build Orders: Liberator Opening, Reaper Expand 

Get SALT Encoding   

  12  0:00  SCV  
  13  0:12  SCV  
  14  0:17  Supply Depot  
  14  0:25  SCV  
  15  0:39  SCV  
  15  0:41  Barracks  
  16  0:44  Refinery  
  16  0:51  SCV  
  17  1:03  SCV  
  18  1:15  SCV  
  19  1:28  Orbital Command  
  19  1:29  Reaper  
  20  1:42  Command Center  
  20  1:52  Supply Depot  
  20  1:54  SCV  
  20  2:01  Marine  
  21  2:08  SCV  
  23  2:15  Factory, Refinery  
  23  2:21  Engineering Bay  
  23  2:23  Barracks Reactor  
  23  2:37  SCV  
  24  2:50  SCV  
  25  3:07  Hellion x2  
  25  3:08  Starport  
  29  3:17  SCV  
  31  3:24  Orbital Command  
  30  3:28  Hellion x2, Liberator  
  30  3:30  Supply Depot  
  30  3:32  SCV  
  35  3:34  Barracks Tech Lab  
  35  3:45  SCV  
  39  3:50  SCV  
  40  3:56  Hellion x2  
  40  3:57  SCV  
  40  4:01  Supply Depot  
  40  4:02  SCV  
  46  4:05  Stimpack, Marine  
  46  4:09  SCV  
  48  4:14  SCV  
  49  4:27  Command Center  
  49  4:34  Factory Reactor  
  49  4:35  Starport Reactor  
  49  4:36  Barracks  
  49  4:39  Barracks  
  49  4:43  SCV x2  
  49  4:45  Marine  
  52  4:58  SCV  
  52  4:59  SCV  
  54  5:02  Engineering Bay, Refinery  
  54  5:03  Engineering Bay  
  54  5:04  Refinery  
  54  5:05  Supply Depot  
  54  5:06  Marine  
  55  5:11  SCV  
  54  5:25  Marine  
  53  5:29  Terran Infantry Armor Level 1, Terran Infantry Weapons Level 1  
  53  5:30  SCV x2  
  53  5:31  Marine x2  
  53  5:33  Marine x2, Factory Reactor  
  59  5:43  Marine  
  59  5:46  Medivac x2  
  59  5:47  Orbital Command  
  59  5:48  Marine  
  59  5:49  Marine  
  66  5:51  Marine  
  66  5:55  SCV x2  
  69  5:57  Marine  
  69  6:00  Marine  
  67  6:06  Orbital Command  
  67  6:08  SCV x2  
  69  6:12  Marine, Barracks  
  69  6:13  Supply Depot  
  69  6:14  Barracks  
  70  6:23  Marine x3  
  70  6:24  Marine  
  71  6:27  Combat Shield  
  71  6:31  SCV x2  
  73  6:33  Supply Depot  
  73  6:36  SCV  
  74  6:43  SCV x2  
  74  6:45  Marine  
  74  6:46  Supply Depot  
  77  6:47  Supply Depot  
  77  6:51  Marine  
  77  6:52  Armory  
  77  6:53  SCV  
  79  6:58  Marine x3  
  79  7:01  Widow Mine x2  
  86  7:02  Barracks Reactor  
  86  7:03  Barracks Reactor, SCV  
  87  7:08  Marine  
  87  7:09  Marine, Medivac  
  87  7:12  SCV x2  
  93  7:18  Refinery  
  93  7:19  Factory  
  93  7:25  Marine x2  
  93  7:26  SCV x2  
  93  7:27  SCV, Supply Depot  
  84  7:49  Marine x9  
  83  7:55  Widow Mine x2  
  83  7:56  SCV x3  
  88  8:00  Terran Infantry Armor Level 2, Terran Infantry Weapons Level 2  
  88  8:04  Medivac  
  88  8:05  Medivac  
  91  8:07  Marine x2, Factory Tech Lab  
  91  8:11  SCV x2  
  91  8:12  Marine x5, Supply Depot  
  100  8:14  SCV  
  100  8:16  Marine x2, Supply Depot  
  100  8:18  Widow Mine  
  107  8:20  Widow Mine  
  107  8:27  Marine x2  
  107  8:30  Marine x2  
  111  8:34  SCV x3  
  114  8:42  Marine x4, Marauder  
  114  8:43  Widow Mine x2  
  114  8:45  Marine x2  
  126  8:49  Marine x2  
  126  8:50  Medivac x2  
  126  8:52  Terran Vehicle And Ship Armor Level 1  
  126  8:53  Drilling Claws  
  132  9:01  Supply Depot  
  132  9:03  Supply Depot  
  132  9:04  Marauder  
  132  9:06  Command Center  
  133  9:11  Marine x5  
  138  9:21  Marine x3  
  138  9:23  Widow Mine x3  
  147  9:24  Marine  
  147  9:27  Supply Depot  
  147  9:28  Supply Depot  
  147  9:29  Marine x2, Supply Depot  
  147  9:31  Refinery  
  150  9:32  Medivac  
  150  9:33  Medivac  
  154  9:41  Marine  
  154  9:42  Marine x2  
  157  9:48  Marine x6  
  163  9:56  Widow Mine x3  
  163  9:59  Marine x3  
  169  10:02  Medivac  
  173  10:07  Barracks  
  173  10:10  Missile Turret  
  173  10:17  Thor, Marine x3  
  173  10:21  Widow Mine x2  
  186  10:22  Barracks x2  
  179  10:35  Marine x7, Marauder  
  186  10:44  Widow Mine x2  
  186  10:57  Marauder  
  186  11:01  Marine  
  186  11:02  Marine  
  186  11:05  Widow Mine x2  
  140  11:21  Marine  
  140  11:22  Marine x8  
  145  11:27  Barracks Tech Lab  
  145  11:28  Barracks Reactor  
  145  11:29  Barracks Tech Lab  
  145  11:30  Planetary Fortress  
  145  11:32  Missile Turret, SCV x3  
  148  11:39  Marine x6  
  149  11:40  Marauder  
  149  11:44  SCV x3, Marine x2  
  161  11:47  Marine x2  
  160  11:57  Marine x4  
  160  11:59  Marine  
  139  12:01  Marine  
  139  12:02  Marine x2, Marauder  
  139  12:05  Marine, Marauder  
  137  12:09  Marine x2  
  137  12:10  Widow Mine x3  
  137  12:15  Marine x3  
  147  12:16  SCV x2, Marine  
  147  12:17  SCV, Marine  
  147  12:19  Marine  
  154  12:23  Command Center  
  154  12:28  SCV, Marine, Marauder  
  154  12:29  Marine x2, Marauder x2  
  164  12:34  Thor  
  164  12:35  Widow Mine x2  
  174  12:47  Marine x10  
  174  12:50  Marauder  
  186  12:58  Starport  
  186  12:59  Widow Mine x2, Starport  
  190  13:13  Marine x5, Marauder  
  190  13:17  Marine  
  195  13:20  Marauder  
  195  13:22  Widow Mine  
  195  13:23  Viking x2, Marauder  
  195  13:25  Factory  
  195  13:26  Marine  
  180  13:30  Marine x3  
  180  13:31  Marine x5  
  176  13:35  Marine, Marauder  
  176  13:41  Marine  
  160  13:44  Marine x2  
  160  13:48  Viking x2, Marine  
  159  13:49  Thor  
  159  13:51  Widow Mine x2  
  159  13:53  Viking  
  172  14:04  Viking  
  174  14:18  Viking x2  
  174  14:23  Viking, Factory Tech Lab  
  178  14:32  Thor  
  177  14:39  Viking  
  178  14:48  Viking  
  171  14:54  Marine x4  
  171  14:55  Marine x5  
  171  14:58  Marine  
Show
View Real Time Build Order
Export as new Build Order

Ceekes Zerg 

Build Orders: Hatch First, Brood Lord Corruptor, Muta Ling Bane 

Get SALT Encoding   

  12  0:01  Drone  
  13  0:08  Drone  
  14  0:16  Overlord  
  14  0:34  Drone x2  
  14  0:35  Drone  
  17  0:53  Hatchery  
  17  0:56  Drone  
  17  0:59  Drone  
  18  1:10  Extractor  
  17  1:14  Spawning Pool  
  17  1:17  Drone  
  17  1:21  Drone  
  18  1:28  Drone  
  19  1:39  Overlord  
  19  1:50  Drone  
  20  2:01  Zergling x2, Queen  
  20  2:05  Zergling x2, Queen  
  26  2:11  Metabolic Boost  
  26  2:34  Drone x4  
  29  2:44  Drone x2  
  29  2:47  Extractor  
  31  3:06  Drone  
  31  3:07  Drone, Hatchery  
  32  3:14  Extractor  
  32  3:16  Queen  
  32  3:17  Overlord  
  32  3:21  Zergling x4  
  35  3:32  Overlord, Hatchery  
  34  3:39  Drone x2  
  34  3:40  Drone x3  
  39  3:50  Zergling x6  
  42  3:58  Drone x4  
  42  4:01  Queen  
  48  4:06  Overlord  
  48  4:13  Baneling Nest  
  47  4:22  Zergling x8  
  51  4:31  Queen  
  51  4:36  Drone  
  51  4:37  Drone x4  
  56  4:40  Drone x2  
  56  4:41  Drone x3  
  56  4:43  Spore Crawler  
  56  4:45  Spore Crawler  
  59  4:50  Queen  
  60  4:58  Lair  
  57  5:09  Queen  
  57  5:10  Queen  
  61  5:17  Extractor  
  58  5:24  Drone x6  
  58  5:25  Drone x4  
  58  5:27  Zergling x6  
  71  5:38  Evolution Chamber, Zergling x2  
  71  5:41  Evolution Chamber, Overlord x3  
  66  6:05  Drone x3  
  66  6:06  Drone x2  
  66  6:09  Drone x7  
  66  6:10  Drone x2  
  80  6:21  Spore Crawler  
  77  6:31  Overlord x2, Zerg Ground Armor Level 1, Zerg Melee Weapons Level 1, Extractor x2  
  75  6:39  Overlord x3, Extractor  
  74  6:40  Drone x3, Extractor  
  74  6:41  Drone  
  77  6:49  Centrifical Hooks  
  77  6:51  Drone x3  
  77  6:52  Drone x3  
  83  6:54  Drone x2  
  83  6:56  Drone x2  
  83  6:57  Drone  
  88  7:06  Drone x3  
  88  7:07  Drone  
  93  7:08  Drone x2  
  93  7:12  Zergling x2  
  93  7:13  Zergling x6  
  93  7:14  Baneling  
  93  7:15  Baneling x8  
  98  7:26  Zergling x2  
  98  7:27  Zergling x16  
  96  7:46  Zergling x2, Spore Crawler  
  96  7:47  Zergling x22  
  103  7:57  Baneling x2  
  101  8:01  Zergling x2  
  101  8:02  Zergling x16  
  109  8:08  Infestation Pit  
  109  8:09  Spire  
  109  8:10  Overlord, Zergling x2  
  109  8:11  Zergling x8, Hatchery  
  111  8:13  Baneling x9  
  111  8:17  Baneling x3  
  111  8:26  Hatchery  
  110  8:28  Zergling x12  
  110  8:32  Spore Crawler  
  115  8:34  Zerg Ground Armor Level 2, Zerg Melee Weapons Level 2  
  115  8:38  Drone  
  115  8:39  Drone x2, Extractor x2  
  113  8:49  Drone x2  
  113  8:50  Drone x4  
  113  8:51  Drone x2  
  113  8:52  Zergling x14  
  113  8:54  Baneling x4  
  128  8:59  Overseer x2  
  128  9:00  Pneumatized Carapace  
  128  9:14  Drone x2  
  128  9:15  Drone x3  
  128  9:16  Drone x3  
  136  9:17  Overlord x2  
  136  9:18  Overlord x3  
  135  9:24  Spore Crawler  
  135  9:27  Mutalisk x3  
  135  9:30  Overseer  
  140  9:37  Hive, Mutalisk x2  
  144  9:39  Mutalisk  
  144  9:42  Baneling  
  144  9:43  Drone x2, Baneling  
  144  9:44  Drone x2  
  144  9:57  Zergling x14  
  144  9:58  Zergling x20  
  160  10:00  Baneling x6  
  160  10:01  Baneling x3  
  160  10:02  Zergling x4  
  160  10:03  Zergling x6  
  163  10:08  Queen  
  165  10:16  Zergling x14  
  169  10:34  Zergling x2  
  169  10:35  Zergling x32  
  160  10:45  Zergling x8  
  164  10:53  Adrenal Glands  
  164  10:55  Zerg Melee Weapons Level 3, Zerg Ground Armor Level 3  
  163  10:57  Corruptor x4, Greater Spire  
  163  10:58  Corruptor  
  148  11:17  Zergling x26  
  148  11:18  Zergling x22  
  132  11:30  Zergling x2  
  132  11:31  Zergling x16  
  140  11:36  Baneling x11  
  140  11:37  Baneling x14  
  140  11:38  Baneling x2  
  103  12:02  Zergling x2  
  103  12:03  Zergling x36  
  103  12:04  Zergling x10  
  116  12:09  Zergling x2  
  116  12:10  Zergling x8  
  116  12:14  Brood Lord x2  
  116  12:15  Corruptor x2  
  127  12:22  Baneling x2  
  128  12:23  Baneling x4  
  128  12:24  Overseer x2  
  128  12:25  Corruptor x2  
  132  12:32  Baneling  
  132  12:33  Baneling x2  
  132  12:42  Corruptor x4  
  132  12:44  Overlord x2  
  140  12:47  Zerg Flyer Weapons Level 1  
  140  12:48  Brood Lord  
  142  12:53  Brood Lord  
  142  12:58  Baneling x3  
  144  13:05  Brood Lord  
  146  13:08  Zergling x2  
  146  13:09  Zergling x28  
  153  13:24  Brood Lord x2  
  111  13:43  Zergling x2  
  111  13:44  Zergling x32  
  126  13:52  Hatchery  
  125  14:04  Baneling  
  125  14:05  Baneling x3  
  125  14:07  Overseer  
  125  14:09  Brood Lord  
  127  14:10  Hatchery  
  126  14:17  Zergling x2  
  126  14:18  Zergling x14  
  134  14:35  Corruptor x3  
Tags
 
Add a new tag
Caveats
  • Supply blocks, unpowered buildings, or Contaminate may cause inaccurate times.
  • Supply counts are checked every 10 seconds.